 Dungeon Crawl Stone Soup version 0.31-a0-188-g5e087ee2ca (webtiles) character file.

Game seed: 10081233475086669329

200 qw the Skirmisher (level 5, 0/29 HPs)
             Began as a Deep Elf Hunter on June 23, 2023.
             Slain by a gnoll
             ... wielding a +0 flail
             ... led by a gnoll bouda
              (6 damage)
             ... on level 4 of the Dungeon.
             The game lasted 00:01:05 (2449 turns).

qw the Skirmisher (Deep Elf Hunter)                 Turns: 2449, Time: 00:01:05

Health: 0/29       AC:  7    Str: 10    XL:     5   Next: 49%
Magic:  7/7        EV: 11    Int: 14    God:
Gold:   143        SH:  0    Dex: 18    Spells: 4/4 levels left

rFire   . . .        Y - +0 shortbow
rCold   . . .        (shield currently unavailable)
rNeg    . . .        d - +0 ring mail
rPois   .            (no helmet)
rElec   .            (no cloak)
rCorr   .            (no gloves)
SInv    .            h - +1 pair of boots
Will    .....        (no amulet)
Stlth   +            (no ring)
HPRegen 0.24/turn    (no ring)
MPRegen 0.10/turn

%: no passive effects
@: no status effects
A: no striking features
a: no special abilities


You were on level 4 of the Dungeon.
You visited 1 branch of the dungeon, and saw 4 of its levels.

You collected 143 gold pieces.


   Skills:
 + Level 1.5 Fighting
 - Level 9.0 Ranged Weapons
 - Level 2.4 Dodging
 - Level 1.2 Stealth


You had 4 spell levels left.
You didn't know any spells.
Your spell library was empty.

Inventory:

Hand Weapons
 Y - a +0 shortbow (weapon)
Armour
 d - a +0 ring mail (worn)
 h - a +1 pair of boots (worn)
 j - the +5 robe of Misfortune {Harm *Corrode *Slow EV+5}
   (You found it on level 3 of the Dungeon)

   EV:        It affects your evasion (+5).
   *Corrode:  It may corrode you when you take damage.
   *Slow:     It may slow you when you take damage.
   Harm:      It increases damage dealt and taken.
Scrolls
 a - a scroll of identify
Potions
 b - a potion of cancellation
 e - 2 potions of curing
 g - a potion of invisibility {unknown}
 i - a potion of mutation {unknown}

Dungeon Overview and Level Annotations

Branches:
Dungeon (4/15)             Temple (0/1) D:4

Altars:

Annotations:
D:3 3 runed translucent doors, qw's ghost, amateur DEHu


Message History

The gnoll hits you with a +0 flail.
You shoot an arrow. The arrow hits the gnoll bouda.
The gnoll bouda is heavily wounded.
Your attacks no longer feel as feeble.
The gnoll hits you with a +0 flail.
The gnoll bouda gazes fiercely through you!
You feel your attacks grow feeble.
The gnoll bouda hits you but does no damage.
You shoot an arrow.
The arrow barely misses the gnoll bouda.
The gnoll closely misses you. The gnoll bouda barely misses you.
The gnoll bouda closely misses you. The gnoll closely misses you.
You shoot an arrow.
The arrow barely misses the gnoll bouda.
The gnoll misses you.
The gnoll bouda hits you with a +0 club.
You shoot an arrow. The arrow hits the gnoll bouda.
The gnoll bouda is heavily wounded.
The gnoll barely misses you.
The gnoll bouda hits you with a +0 club.
You shoot an arrow. The arrow hits the gnoll bouda.
The gnoll bouda is severely wounded.
The gnoll bouda barely misses you. The gnoll barely misses you.
You shoot an arrow. The arrow hits the gnoll bouda.
The gnoll bouda is almost dead.
Your attacks no longer feel as feeble.
The gnoll bouda completely misses you. The gnoll closely misses you.
You shoot an arrow.
The arrow barely misses the gnoll bouda.
The gnoll hits you but does no damage. The gnoll bouda closely misses you.
You shoot an arrow. The arrow hits the gnoll bouda!
You kill the gnoll bouda!
The gnoll closely misses you.
Your Ranged Weapons skill increases to level 9!
You shoot an arrow. The arrow barely misses the gnoll.
The gnoll is no longer moving quickly.
The gnoll hits you but does no damage. x2
You shoot an arrow. The arrow hits the gnoll!
The gnoll is heavily wounded.
The gnoll hits you with a +0 whip. The gnoll hits you with a +0 flail.
You die...

#. #. .g #g #
#.## ##
.)####### #~
##g....... #.
#@g>.# #.
#.##.##....#
##
#....#####...
# ###..#....#
# #
...........#
#
####.......#
# #.##....##
#
.......%..##
#
#.#.#.#.#.#.#
.#


You could see 2 gnolls.

Vanquished Creatures
  A gnoll bouda (D:4)
  2 hounds
  A gnoll (D:4)
  An adder (D:2)
  A dart slug (D:2)
  3 worms
  9 orcs
  6 ball pythons
  7 endoplasms
  A giant cockroach (D:3)
  5 hobgoblins
  6 jackals
  6 kobolds
  5 quokkas
  4 bats
  3 frilled lizards
  3 goblins (D:1)
  8 rats
72 creatures vanquished.

Notes
Turn   | Place    | Note
-------+----------+-------------------------------------------
     0 | D:1      | qw the Deep Elf Hunter began the quest for the Orb.
     0 | D:1      | Reached XP level 1. HP: 12/12 MP: 3/3
     0 | D:1      | 0 ||| qw: Version: 0.3-a-9-g12657ce
     0 | D:1      | 0 ||| qw: Game counter: 4297
     0 | D:1      | 0 ||| qw: Always use a shield: true
     0 | D:1      | 0 ||| qw: God list: Okawaru
     0 | D:1      | 0 ||| qw: Allow faded altars: false
     0 | D:1      | 0 ||| qw: Do Orc after D:15 true
     0 | D:1      | 0 ||| qw: Do second Lair branch before Depths: true
     0 | D:1      | 0 ||| qw: Lair rune preference: random
     0 | D:1      | 0 ||| qw: Plans: Normal
     0 | D:1      | 0 ||| PLANNING D:1-11
   162 | D:1      | Reached XP level 2. HP: 16/16 MP: 4/4
   164 | D:1      | Reached skill level 6 in Ranged Weapons
   410 | D:1      | 410 ||| UPGRADING to +0 ring mail.
   430 | D:1      | 430 ||| DROPPING +0 leather armour.
   441 | D:1      | 441 ||| UPGRADING to +1 pair of boots.
   456 | D:1      | 456 ||| READING scroll labelled OROKHO MIKHEAR.
   467 | D:1      | 467 ||| DROPPING scroll of butterflies.
   693 | D:1      | 693 ||| READING 3 scrolls labelled BARENARAOC.
   694 | D:1      | 694 ||| READING scroll labelled BETEAH MIEZEI.
   695 | D:1      | 695 ||| READING 2 scrolls of identify.
   695 | D:1      | 695 ||| IDENTIFYING blue potion
   743 | D:2      | Reached XP level 3. HP: 20/20 MP: 5/5
   912 | D:2      | Identified the +4 whip of Starshine {speed, Fly rC+ Int+3}
   934 | D:2      | Reached skill level 7 in Ranged Weapons
  1382 | D:2      | Found a faded altar of an unknown god.
  1660 | D:2      | 1660 ||| READING scroll labelled MEOWAIR HUSS.
  1761 | D:2      | 1761 ||| DRINKING 2 viscous amethyst potions.
  1815 | D:2      | 1815 ||| DROPPING potion of lignification.
  1855 | D:3      | Found the +5 robe of Misfortune {Harm *Corrode *Slow EV+5}
  1895 | D:3      | Reached XP level 4. HP: 25/25 MP: 6/6
  2033 | D:3      | Found a runed translucent gate.
  2033 | D:3      | Found a runed translucent gate.
  2033 | D:3      | Found a runed translucent gate.
  2038 | D:3      | Noticed qw's ghost (amateur DEHu)
  2138 | D:3      | Reached skill level 8 in Ranged Weapons
  2199 | D:3      | 2199 ||| READING scroll labelled ZIR LEORYGERA.
  2200 | D:3      | 2200 ||| READING scroll labelled WILATA FEMNIAM.
  2201 | D:3      | 2201 ||| READING 3 scrolls of identify.
  2201 | D:3      | 2201 ||| IDENTIFYING amethyst potion
  2202 | D:3      | 2202 ||| READING 2 scrolls of identify.
  2202 | D:3      | 2202 ||| IDENTIFYING metallic blue potion
  2203 | D:3      | 2203 ||| DROPPING potion of berserk rage.
  2222 | D:4      | 2222 ||| PLANNING SEWER
  2264 | D:4      | Reached XP level 5. HP: 8/29 MP: 7/7
  2352 | D:4      | Found a staircase to the Ecumenical Temple.
  2427 | D:4      | 2427 ||| Stepping ~*~*~tactically~*~*~ (outnumbered).
  2448 | D:4      | Reached skill level 9 in Ranged Weapons
  2449 | D:4      | HP: 6/29 [gnoll/+0 whip[a gnoll bouda] (6)]
  2449 | D:4      | Slain by a gnoll

Levels and vault maps discovered:
D:1:      minmay_arrival_doors, layout_basic, serial_forest,
          infiniplex_forest_end_3, infiniplex_forest_clump_double,
          infiniplex_forest_zigzag_1, infiniplex_forest_clump_cross,
          infiniplex_forest_corner_1, infiniplex_forest_straight_1,
          infiniplex_forest_3_way
D:2:      minmay_diamond_boxcup, layout_basic, ebering_ecumenical_altar_rust,
          amcnicky_mini_corridor_feature
D:3:      layout_rooms, gammafunk_ghost_split
D:4:      layout_rooms, minitemple, minmay_temple_entry_large_hall,
          gup_sewer_entry_pipe, serial_park_tiny_2, hex_large,
          kennysheep_generic_room_9, uniq_grinder

Skill      XL: |  1  2  3  4  5 |
---------------+----------------+-----
Ranged Weapons | 6 7 8 9 |  9.0
Fighting       | |  1.5
Dodging        | |  2.4
Stealth        | |  1.2

Action                     |  1- 3 |  4- 6 || total
---------------------------+-------+-------++-------
   Fire: Shortbow          |   116 |    96 ||   212
    Use: Scroll            |     5 |     4 ||     9
         Potion            |     1 |       ||     1
 Armour: Leather armour    |     3 |       ||     3
         Ring mail         |    14 |    19 ||    33
  Dodge: Dodged            |    23 |    51 ||    74

Table legend:
 A = Non-vault XP
 B = Vault XP
 C = Vault XP percentage of total XP
 D = Non-vault monster count
 E = Vault monster count
 F = Vault count percentage of total count
                 A         B        C        D         E       F
            +---------+---------+-------+---------+---------+-------
      Total |     270 |      17 |   5.9 |      63 |       9 |  12.5
            +---------+---------+-------+---------+---------+-------
        D:1 |      40 |       0 |   0.0 |      25 |       0 |   0.0
        D:2 |      30 |      13 |  30.2 |      10 |       7 |  41.2
        D:3 |      75 |       0 |   0.0 |      15 |       0 |   0.0
        D:4 |     125 |       4 |   3.1 |      13 |       2 |  13.3
            +---------+---------+-------+---------+---------+-------
